 Dungeon Crawl Stone Soup version 0.22-a0-305-gd21a89c (webtiles) character file.

1198 Amnesiac the Covert (level 8, -2/37 HPs)
             Began as a Spriggan Gladiator on Mar 29, 2018.
             Was an Initiate of Okawaru.
             Slain by an orc warrior
             ... wielding a +0 glaive
              (17 damage)
             ... on level 6 of the Dungeon.
             The game lasted 00:06:55 (4152 turns).

Amnesiac the Covert (Spriggan Gladiator)            Turns: 4152, Time: 00:06:55

Health: -2/37      AC:  2    Str: 12    XL:     8   Next: 20%
Magic:  9/9        EV: 19    Int: 10    God:    Okawaru [......]
Gold:   266        SH:  0    Dex: 17    Spells: 7/7 levels left

rFire    . . .     SeeInvis +   a - +0 rapier
rCold    . . .     Gourm    .   (shield restricted)
rNeg     . . .     Faith    .   b - +0 robe
rPois    .         Spirit   .   c - +0 hat
rElec    .         Reflect  .   (no cloak)
rCorr    .         Harm     .   (gloves unavailable)
MR       +....                  (boots unavailable)
Stlth    ++++......             l - amulet of rage
HPRegen  0.12/turn              (no ring)
MPRegen  0.11/turn              (no ring)

@: berserk cooldown, slowed, drained, quick
A: very small, unfitting armour, see invisible, herbivore, speed 3, slow
metabolism 2
a: Renounce Religion, Evoke Berserk Rage


You were on level 6 of the Dungeon.
You worshipped Okawaru.
Okawaru was noncommittal.
You were not hungry.

You visited 2 branches of the dungeon, and saw 8 of its levels.

You collected 266 gold pieces.

Inventory:

Hand Weapons
 a - a +0 rapier (weapon)
 p - a +0 hunting sling
Missiles
 d - a throwing net (quivered)
 h - 7 curare-tipped needles
 j - 105 sling bullets
 o - 34 poisoned needles
 q - 49 stones
Armour
 b - a +0 robe (worn)
 c - a +0 hat (worn)
Jewellery
 l - an amulet of rage (around neck)
Scrolls
 e - 6 scrolls of teleportation {!r, unknown}
 g - a scroll of remove curse {!r, unknown}
 i - a scroll of magic mapping {!r, unknown}
 m - a scroll of identify {!r, unknown}
 r - a scroll of enchant weapon {!r, unknown}
 u - a scroll of noise {!r, unknown}
Potions
 k - 2 potions of lignification {!q, unknown}
 n - a potion of heal wounds {!q, unknown}
 s - a potion of agility {!q, unknown}
 t - a potion of curing {!q, unknown}
 v - a potion of mutation {!q, unknown}


   Skills:
 - Level 1.5(1.2) Fighting
 - Level 8.0(7.6) Short Blades
 + Level 5.2(4.8) Throwing
 - Level 4.4(4.0) Dodging
 - Level 8.1(7.7) Stealth


You had 7 spell levels left.
You didn't know any spells.

Dungeon Overview and Level Annotations

Branches:
Dungeon (7/15)             Temple (1/1) D:6

Altars:
Ashenzari
Cheibriados
Dithmenos
Elyvilon
Fedhas
Kikubaaqudgha
Makhleb
Okawaru
Qazlal
Sif Muna
Trog
Vehumet
Wu Jian
Xom
Yredelemnul
Zin
The Shining One

Shops:
D:5 [


Innate Abilities, Weirdness & Mutations

You are very small and have problems with some larger weapons.
You are too small for most types of armour.
You have supernaturally acute eyesight. (SInv)
You are a herbivore.
You cover ground extremely quickly.
You need to consume almost no food.


Message History

You puncture the orc wizard!
You kill the orc wizard!
Okawaru accepts your kill.
You hit the orc warrior but do no damage.
The orc warrior hits you with a glaive!
You hit the orc warrior.
The orc warrior is lightly wounded.
You hit the orc warrior.
The orc warrior is moderately wounded.
The orc warrior misses you.
You hit the orc warrior but do no damage.
The orc warrior is moderately wounded.
You barely miss the orc warrior.
The orc warrior is moderately wounded.
The orc warrior closely misses you.
You hit the orc warrior.
The orc warrior is heavily wounded.
You hit the orc warrior but do no damage.
The orc warrior is heavily wounded.
You closely miss the orc warrior.
The orc warrior is heavily wounded.
The orc warrior completely misses you.
You hit the orc warrior.
The orc warrior is heavily wounded.
You hit the orc warrior but do no damage.
The orc warrior is heavily wounded.
The orc warrior hits you with a glaive!
You hit the orc warrior.
The orc warrior is severely wounded.
You hit the orc warrior.
The orc warrior is severely wounded.
The orc warrior hits you with a glaive!
* * * LOW HITPOINT WARNING * * *
You closely miss the orc warrior.
The orc warrior is severely wounded.
You hit the orc warrior but do no damage.
The orc warrior is severely wounded.
You barely miss the orc warrior.
The orc warrior is severely wounded.
The orc warrior closely misses you.
You puncture the orc warrior!
The orc warrior is almost dead.
You closely miss the orc warrior.
The orc warrior is almost dead.
The orc warrior barely misses you.
You hit the orc warrior but do no damage.
The orc warrior is almost dead.
You completely miss the orc warrior.
The orc warrior is almost dead.
You are no longer berserk.
You are exhausted.
You feel yourself slow down. The orc warrior misses you.
Throwing (i - inventory. (/) - cycle)
d - 3 throwing nets (quivered)
Press: ? - help, Shift-Dir - straight line, f - orc warrior
Aim: an orc warrior, wielding a glaive and wearing a chain mail (almost dead)
You throw a throwing net.
The throwing net closely misses the orc warrior.
Throwing (i - inventory. (/) - cycle)
d - 2 throwing nets (quivered)
Press: ? - help, Shift-Dir - straight line, f/p - orc warrior
Aim: an orc warrior, wielding a glaive and wearing a chain mail (almost dead)
You throw a throwing net.
The throwing net barely misses the orc warrior.
The orc warrior hits you with a glaive!
You die...

.......# #### .......# #..#
......## #..###### ......##
#.......###. #### .......###
####.#####..#..###..## .........#
#......##.....##...... .......#.#
#.................##..
.......#.###....)...........####.
.......#.(.....o@...........####)
.......###............##.....##..
...................#####.##......
#......##...........####..###..##
#.............#.###.........####.
#......##..##.#.#######..........
#.......#.###....######..........
#..........##.........#..........
#......###............#######.##.


You could see an orc warrior.

Vanquished Creatures
  Sigmund (D:4)
  A sky beast (D:5)
  An ogre (D:6)
  2 bullfrogs
  A wyvern zombie (D:5)
  A water moccasin skeleton (D:7)
  5 wights (D:6)
  A howler monkey (D:5)
  3 crimson imps
  A hound (D:3)
  A bullfrog zombie (D:5)
  A bullfrog skeleton (D:4)
  An orc wizard (D:6)
  3 iguanas
  A worker ant (D:4)
  The ghost of Amnesiac the Ducker, a weakling SpFi (D:5)
  An adder (D:6)
  A shadow imp (D:5)
  An ooze (D:2)
  2 adder skeletons
  A worm (D:4)
  2 leopard geckos
  2 orcs
  A bat (D:2)
  5 giant cockroaches
  6 jackals (D:4)
  A kobold (D:3)
  A quokka (D:7)
  A frilled lizard (D:5)
  A giant cockroach zombie (D:5)
  A jackal skeleton (D:4)
  3 rats
55 creatures vanquished.

Notes
Turn   | Place    | Note
-------+----------+-------------------------------------------
     0 | D:1      | Amnesiac the Spriggan Gladiator began the quest for the Orb.
     0 | D:1      | Reached XP level 1. HP: 10/10 MP: 2/2
   219 | D:2      | Reached skill level 1 in Stealth
   236 | D:2      | Reached XP level 2. HP: 4/14 MP: 3/3
   757 | D:4      | Noticed Sigmund
   934 | D:3      | Reached XP level 3. HP: 18/18 MP: 4/4
   999 | D:4      | Killed Sigmund
   999 | D:4      | Reached XP level 4. HP: 12/22 MP: 5/5
   999 | D:4      | Reached XP level 5. HP: 14/25 MP: 6/6
  1402 | D:4      | Reached skill level 5 in Stealth
  1549 | D:4      | Noticed an ogre
  1856 | D:4      | Reached XP level 6. HP: 30/30 MP: 7/7
  2063 | D:5      | Entered Level 5 of the Dungeon
  2069 | D:5      | Noticed Amnesiac's ghost (weakling SpFi)
  2078 | D:5      | Killed Amnesiac's ghost
  2772 | D:5      | Noticed a sky beast
  2788 | D:5      | Killed a sky beast
  2788 | D:5      | Reached XP level 7. HP: 33/33 MP: 8/8
  2875 | D:5      | Found Solieg's Armour Shoppe.
  3411 | D:6      | Found a bloodstained altar of Trog.
  3411 | D:6      | Found a burning altar of Makhleb.
  3413 | D:6      | Found a basalt altar of Yredelemnul.
  3413 | D:6      | Found a snail-covered altar of Cheibriados.
  3418 | D:6      | Found a shimmering altar of Xom.
  3418 | D:6      | Found a stormy altar of Qazlal.
  3468 | D:6      | Found a staircase to the Ecumenical Temple.
  3550 | Temple   | Entered the Ecumenical Temple
  3554 | Temple   | Became a worshipper of Warmaster Okawaru
  3835 | D:7      | Found an ancient bone altar of Kikubaaqudgha.
  3837 | D:7      | Found a blossoming altar of Fedhas.
  3959 | D:7      | Reached XP level 8. HP: 37/37 MP: 9/9
  4092 | D:7      | Reached skill level 5 in Throwing
  4152 | D:6      | Slain by an orc warrior

Vault maps used:
D:1:      roderic_crossed_star, tso_metal_star
D:2:      nemelex_altar_shiori, minmay_misc_feat_four_crosses, fedhas_altar_3
D:3:      minmay_roachtagon
D:4:      first_ration, kennysheep_generic_room_6, uniq_sigmund
D:5:      serial_shops, shop_statue
D:6:      grunt_temple_overflow_open, minmay_temple_entry_enclosed_plants,
          minmay_misc_feat_iff
D:7:      grunt_temple_overflow_growth_and_decay,
          nicolae_ru_the_path_less_chosen, trog_ov_bears_minmay
Temple:   nicolae_temple_x_marks_the_god

Skill      XL: |  1  2  3  4  5  6  7  8 |
---------------+-------------------------+-----
Stealth        | 1 2 4 5 6 8 |  8.1
Short Blades   | 4 6 7 8 |  8.0
Throwing       | 4 5 |  5.2
Fighting       | |  1.5
Dodging        | |  4.4

Action                   |  1- 3 |  4- 6 |  7- 9 || total
-------------------------+-------+-------+-------++-------
Melee: Rapier            |    70 |    72 |   137 ||   279
Throw: Throwing net      |       |       |     2 ||     2
 Abil: Evoke Berserk Rag |     2 |     4 |     4 ||    10
 Stab: Sleeping          |     3 |     3 |     7 ||    13
  Eat: Ration            |       |     3 |     3 ||     6
Armor: Robe              |     3 |     1 |     5 ||     9
Dodge: Dodged            |    49 |    41 |    95 ||   185

Table legend:
 A = Spawn XP
 B = Non-spawn XP
 C = Spawn XP percentage of total XP
 D = Spawn monster count
 E = Non-spawn monster count
 F = Spawn count percentage of total count
 G = Total turns spent on level
                    A         B        C        D         E        F      G
               +---------+---------+-------+---------+---------+-------+---------
         Total |       0 |    1712 |   0.0 |       0 |      55 |   0.0 |  4152
               +---------+---------+-------+---------+---------+-------+---------
           D:1 |       0 |       3 |   0.0 |       0 |       2 |   0.0 |   141
           D:2 |       0 |      16 |   0.0 |       0 |       6 |   0.0 |   455
           D:3 |       0 |      48 |   0.0 |       0 |       3 |   0.0 |   237
           D:4 |       0 |     318 |   0.0 |       0 |      14 |   0.0 |  1318
           D:5 |       0 |     517 |   0.0 |       0 |      14 |   0.0 |   972
           D:6 |       0 |     559 |   0.0 |       0 |      11 |   0.0 |   564
           D:7 |       0 |     251 |   0.0 |       0 |       5 |   0.0 |   456
               +---------+---------+-------+---------+---------+-------+---------
